[Event "Titled Tuesday Blitz May 16 Late 2023"]
[White "Kokoszczynski, Jan"]
[Black "Krasteva, Beloslava"]
[WhiteFideId "1174460"]
[BlackFideId "2922029"]
[WhiteElo "2139"]
[BlackElo "2187"]
[Result "1-0"]
[Round "05"]
[TimeControl "180+2"]
[Date "2023.05.16"]
[WhiteClock "0:00:05"]
[BlackClock "0:00:00"]

1. Nf3 d5 2. e3 Nf6 3. c4 e6 4. b3 c5 5. Bb2 Nc6 6. cxd5 exd5 7. Bb5 a6 8. Bxc6+ bxc6 9. d4 cxd4 10. Nxd4 c5 11. Nf3 Be7 12. Nbd2 O-O 13. O-O Bb7 14. Rc1 Rc8 15. Qe2 Qd6 16. Rfd1 Qe6 17. Ne5 Rfe8 18. h3 Bd6 19. Ndf3 d4 20. Nc4 Bb8 21. Qf1 Bxf3 22. gxf3 Qf5 23. Qg2 Re6 24. e4 Qf4 25. Rc2 Nh5 26. Bc1 Qc7 27. Kf1 Rg6 28. Qh1 Nf4 29. e5 Nd5 30. f4 Qd7 31. Rd3 Qf5 32. Qf3 Nc3 33. Bd2 Ne4 34. Be1 Re8 35. Re2 Nc3 36. Bxc3 dxc3 37. Rxc3 Qb1+ 38. Re1 Qxa2 39. Rd3 Qc2 40. f5 Rh6 41. e6 fxe6 42. fxe6 Kh8 43. e7 1-0


[Site "https://www.chess.com"]

[Event "Titled Tuesday Blitz May 16 Late 2023"]
[White "Safin, Robert"]
[Black "Kovacevic, Radmila"]
[WhiteFideId "34189120"]
[BlackFideId "933171"]
[WhiteElo "2295"]
[BlackElo "2194"]
[Result "1-0"]
[Round "05"]
[TimeControl "180+2"]
[Date "2023.05.16"]
[WhiteClock "0:00:37"]
[BlackClock "0:00:06"]

1. e4 e5 2. Nf3 f5 3. d3 Nc6 4. Nc3 Nf6 5. Bg5 Bb4 6. Be2 d5 7. Bxf6 gxf6 8. exd5 Qxd5 9. O-O Bxc3 10. bxc3 Rg8 11. Nh4 Qc5 12. Qd2 f4 13. Rab1 b6 14. Bh5+ Ke7 15. Bf3 Be6 16. d4 Qa5 17. Bxc6 Rad8 18. Rfe1 Rxd4 19. Qe2 Qxc3 20. Be4 Bg4 21. f3 Be6 22. Red1 Bxa2 23. Nf5+ Kf8 24. Nxd4 Bxb1 25. Ne6+ Ke7 26. Qb5 Qe3+ 27. Kh1 Kxe6 28. Qd7# 1-0


[Site "https://www.chess.com"]

[Event "Titled Tuesday Blitz May 16 Late 2023"]
[White "Arias Igual, Alejandro"]
[Black "Jovic, Stanoje"]
[WhiteFideId "2254905"]
[BlackFideId "905020"]
[WhiteElo "2179"]
[BlackElo "2236"]
[Result "1-0"]
[Round "05"]
[TimeControl "180+2"]
[Date "2023.05.16"]
[WhiteClock "0:00:10"]
[BlackClock "0:00:00"]

1. e4 c6 2. d4 d5 3. exd5 cxd5 4. Bd3 Nc6 5. c3 e5 6. dxe5 Nxe5 7. Nf3 Nxd3+ 8. Qxd3 Nf6 9. Be3 Be7 10. Nbd2 O-O 11. O-O a5 12. Rad1 a4 13. h3 Qa5 14. Rfe1 Re8 15. Bd4 Bd7 16. Ne5 Bb5 17. Qg3 Ra6 18. Nef3 Re6 19. Rxe6 fxe6 20. Re1 Qa6 21. Ng5 Bd7 22. Qc7 Qc6 23. Qg3 h6 24. Ngf3 Rf8 25. Ne5 Qc8 26. Ng6 Qe8 27. Nxf8 Qxf8 28. Qc7 Qc8 29. Qxc8+ Bxc8 30. f3 Kf7 31. Nf1 Nd7 32. Bf2 e5 33. Rd1 Nf6 34. Ne3 Be6 35. Bg3 e4 36. fxe4 dxe4 37. Bf2 Bxa2 38. Rd4 b5 39. Rd2 Bb3 40. Nf5 Bf8 41. Nd6+ Bxd6 42. Rxd6 Nd5 43. Bd4 g6 44. Rd7+ Ke6 45. Rg7 Kf5 46. Kf2 h5 47. Rb7 Bc4 48. Rf7+ Ke6 49. Rf8 e3+ 50. Bxe3 Nf6 51. Rb8 Ne4+ 52. Ke1 Ng3 53. Bf2 Ne4 54. Rb6+ Kf5 55. Be3 1-0


[Site "https://www.chess.com"]

[Event "Titled Tuesday Blitz May 16 Late 2023"]
[White "Djordjevic, Dejan N"]
[Black "Altman, Joshua"]
[WhiteFideId "913316"]
[BlackFideId "426210"]
[WhiteElo "2261"]
[BlackElo "2028"]
[Result "1-0"]
[Round "05"]
[TimeControl "180+2"]
[Date "2023.05.16"]
[WhiteClock "0:00:38"]
[BlackClock "0:00:03"]

1. e4 e6 2. d3 d5 3. Nd2 Nf6 4. Ngf3 c5 5. c3 Nc6 6. g3 Be7 7. Bg2 Qc7 8. O-O b6 9. Re1 Bb7 10. e5 Nd7 11. Qe2 h6 12. h4 O-O-O 13. a4 a5 14. b3 g5 15. d4 g4 16. Nh2 cxd4 17. cxd4 Nxd4 18. Qxg4 Nc2 19. Bb2 Nxa1 20. Bxa1 Kb8 21. Nhf3 Nc5 22. Bf1 Rhg8 23. Qf4 Bf8 24. Nd4 Bg7 25. Nb5 Qe7 26. Bd4 Rd7 27. Re3 Bf8 28. Nd6 Bc6 29. Rc3 Qd8 30. Nxf7 Qc7 31. Nd6 Bxd6 32. exd6 Qa7 33. Be5 Rc8 34. Qxh6 Qb7 35. Bd4 Ka8 36. Nf3 Rxd6 37. Ne5 Ne4 38. Rf3 Rdd8 39. Rf7 Rc7 40. Rxc7 Qxc7 41. Qxe6 Rd6 42. Qg8+ Kb7 43. Nxc6 Qxc6 44. Be5 Re6 45. Qb8# 1-0


[Site "https://www.chess.com"]

[Event "Titled Tuesday Blitz May 16 Late 2023"]
[White "WindWhistler11"]
[Black "dorpato"]
[WhiteElo "2516"]
[BlackElo "2027"]
[Result "1-0"]
[Round "05"]
[TimeControl "180+2"]
[Date "2023.05.16"]
[WhiteClock "0:00:24"]
[BlackClock "0:00:00"]

1. Nf3 c5 2. g3 g6 3. d4 cxd4 4. Nxd4 Bg7 5. Bg2 Nc6 6. Nb3 Nf6 7. O-O O-O 8. Na3 d6 9. c3 Be6 10. Nc2 Rc8 11. Nbd4 Bd7 12. e4 Ne8 13. Be3 Nc7 14. f4 Ne6 15. Nf3 Nc5 16. e5 Ne4 17. Nfe1 Nxc3 18. bxc3 dxe5 19. fxe5 Nxe5 20. Bd4 Bc6 21. Nf3 Nxf3+ 22. Bxf3 Bxf3 23. Qxf3 Bxd4+ 24. Nxd4 Qb6 25. Kh1 e5 26. Nb3 Rc6 27. Rac1 Qc7 28. Nd2 f5 29. Qd5+ Kg7 30. Nf3 Re8 31. Rfe1 e4 32. Qd4+ Kg8 33. Ng5 Rd8 34. Qb4 Rb6 35. Qa4 Qe7 36. h4 h6 37. Qc4+ Kg7 38. Nh3 Rc6 39. Qb4 Qc7 40. Nf4 g5 41. hxg5 hxg5 42. Nh5+ Kg6 43. Kg2 Kxh5 44. Rh1+ Kg6 45. Rcd1 Rxd1 46. Rxd1 a6 47. Qf8 Rxc3 48. Qg8+ Kf6 49. Qh8+ Ke6 50. Qh6+ Ke5 51. Qh8+ Ke6 52. Qg8+ Qf7 53. Rd6+ Kxd6 54. Qxf7 Rc2+ 55. Kh3 Rxa2 56. Qxa2 1-0


[Site "https://www.chess.com"]

[Event "Titled Tuesday Blitz May 16 Late 2023"]
[White "Kovalevsky, Stanislav"]
[Black "Simonian, Hrair"]
[WhiteFideId "13508598"]
[BlackFideId "13302337"]
[WhiteElo "2174"]
[BlackElo "2447"]
[Result "0-1"]
[Round "05"]
[TimeControl "180+2"]
[Date "2023.05.16"]
[WhiteClock "0:00:16"]
[BlackClock "0:00:30"]

1. c4 e5 2. Nc3 Bb4 3. Nd5 Be7 4. g3 Nf6 5. Nxe7 Qxe7 6. Bg2 O-O 7. Nf3 d6 8. O-O Nc6 9. h3 Be6 10. b3 e4 11. Ng5 Bf5 12. h4 Qe5 13. Ba3 h6 14. Nh3 Nd4 15. Kh1 Bg4 16. Ng1 g5 17. f3 Be6 18. f4 gxf4 19. Rxf4 Nf5 20. e3 Nxg3+ 21. Kh2 Nfh5 22. Ne2 Nxe2 23. Qxe2 Nxf4 24. exf4 Qxa1 25. Qxe4 Qf6 26. c5 Qxh4+ 27. Kg1 Rae8 28. Bb2 Bf5 29. Qd4 Re1+ 30. Bf1 Qg3+ 31. Kh1 Rxf1+ 32. Qg1 Rxg1# 0-1


[Site "https://www.chess.com"]

[Event "Titled Tuesday Blitz May 16 Late 2023"]
[White "Ziatdinov, Raset"]
[Black "Karimov, Alisher"]
[WhiteFideId "2015323"]
[BlackFideId "14700280"]
[WhiteElo "2220"]
[BlackElo "2186"]
[Result "0-1"]
[Round "05"]
[TimeControl "180+2"]
[Date "2023.05.16"]
[WhiteClock "0:00:36"]
[BlackClock "0:00:25"]

1. e4 c6 2. d4 d5 3. Nc3 dxe4 4. Nxe4 Nf6 5. Nxf6+ exf6 6. c3 Bd6 7. Bd3 O-O 8. Qc2 Re8+ 9. Ne2 h6 10. Bd2 Nd7 11. O-O-O Qa5 12. Kb1 b5 13. c4 Bb4 14. c5 Bxd2 15. Qxd2 Qc7 16. Ng3 Nf8 17. Nf5 Bxf5 18. Bxf5 Red8 19. Rhe1 Qxh2 20. g3 Qh5 21. Be4 Rac8 22. Qa5 Re8 23. Qxa7 Rxe4 24. Rh1 Qd5 25. Qb7 Rd8 26. f3 Re2 27. Qc7 Ra8 28. a3 Qf5+ 29. Ka1 Qc2 30. Rb1 Rxa3+ 0-1


[Site "https://www.chess.com"]

[Event "Titled Tuesday Blitz May 16 Late 2023"]
[White "Fishbein, Mitch"]
[Black "Mazurkiewicz, Michal"]
[WhiteFideId "30922917"]
[BlackFideId "1124943"]
[WhiteElo "1964"]
[BlackElo "2054"]
[Result "1-0"]
[Round "05"]
[TimeControl "180+2"]
[Date "2023.05.16"]
[WhiteClock "0:00:14"]
[BlackClock "0:00:00"]

1. e4 d6 2. d4 Nf6 3. Bd3 c5 4. c3 Nc6 5. d5 Ne5 6. Bb5+ Ned7 7. Nd2 a6 8. Be2 g6 9. a4 Bg7 10. Ngf3 O-O 11. O-O Rb8 12. a5 Ng4 13. Ne1 Ngf6 14. Qc2 b5 15. axb6 Qxb6 16. Nc4 Qc7 17. Na5 Ra8 18. Bf4 Nb6 19. f3 Nfd7 20. Nd3 c4 21. Nb4 Ne5 22. Be3 Bd7 23. Bd4 Bb5 24. Qd2 Na4 25. Nac6 Nxc6 26. Nxc6 Bxc6 27. Bxg7 Kxg7 28. Qd4+ f6 29. Qxc4 Nxb2 30. Qxc6 Qxc6 31. dxc6 Rfc8 32. Rfb1 Rab8 33. Ra2 Rxc6 34. Raxb2 Rbc8 35. c4 a5 36. Ra1 Rc5 37. Rb5 Ra8 38. Ra4 Kf7 39. Kf2 Ke8 40. Ke3 Kd7 41. f4 Kc6 42. Bd3 Rxb5 43. cxb5+ Kb6 44. Kd4 Rc8 45. Kd5 Rc3 46. Be2 e5 47. fxe5 dxe5 48. Bf3 Kxb5 49. Ra1 Rd3+ 50. Ke6 a4 51. Kxf6 a3 52. Be2 Kc4 53. Bxd3+ Kxd3 54. Kxe5 Ke2 55. Rxa3 1-0


[Site "https://www.chess.com"]

[Event "Titled Tuesday Blitz May 16 Late 2023"]
[White "Gutkin, Ilya"]
[Black "Kim, Sergey"]
[WhiteFideId "16203470"]
[BlackFideId "13700570"]
[WhiteElo "2265"]
[BlackElo "2594"]
[Result "1-0"]
[Round "05"]
[TimeControl "180+2"]
[Date "2023.05.16"]
[WhiteClock "0:00:06"]
[BlackClock "0:00:10"]

1. Nf3 Nf6 2. g3 g6 3. b3 Bg7 4. Bb2 d6 5. d4 O-O 6. Bg2 e5 7. dxe5 Nfd7 8. c4 dxe5 9. O-O e4 10. Bxg7 exf3 11. Bxf8 fxg2 12. Kxg2 Qxf8 13. Nc3 c6 14. Qd4 Qc5 15. Rfd1 Na6 16. Ne4 Qxd4 17. Rxd4 Kf8 18. Rad1 Ke7 19. Nd6 Nf6 20. e4 Nc5 21. e5 Ne8 22. b4 Ne6 23. Nxc8+ Rxc8 24. Rd7+ Kf8 25. Rxb7 a6 26. a4 N8c7 27. Rd6 Ne8 28. Rdd7 N8c7 29. a5 Ke8 30. Rd6 Nd8 31. Rb6 Ra8 32. f4 Ke7 33. g4 Nce6 34. Kf3 Nc7 35. f5 Ke8 36. Kf4 Ke7 37. Kg5 gxf5 38. gxf5 Ne8 39. f6+ Kf8 40. Rxd8 Rxd8 41. Rxc6 Rb8 42. Rxa6 Rxb4 43. Rc6 Ra4 44. a6 Ra2 45. h4 Rg2+ 46. Kf5 Rf2+ 47. Ke4 Ra2 48. Kd5 Ra5+ 49. Kd4 Ra4 50. Kc5 Ra5+ 51. Kb6 Rxe5 52. a7 Re1 53. a8=Q Rb1+ 54. Kc5 Rg1 55. Rc8 1-0


[Site "https://www.chess.com"]

[Event "Titled Tuesday Blitz May 16 Late 2023"]
[White "K2JW"]
[Black "Adan Bermudez, Sergio"]
[BlackFideId "2292726"]
[WhiteElo "2384"]
[BlackElo "2292"]
[Result "0-1"]
[Round "05"]
[TimeControl "180+2"]
[Date "2023.05.16"]
[WhiteClock "0:00:01"]
[BlackClock "0:00:20"]

1. e4 c5 2. Nf3 Nc6 3. Bb5 e5 4. O-O Bd6 5. a4 a6 6. Bc4 Nf6 7. Nc3 O-O 8. d3 h6 9. Nh4 Bc7 10. Nf5 d6 11. g4 Nd4 12. Nd5 Nxd5 13. Bxd5 Be6 14. Bxb7 Ra7 15. Nxd4 exd4 16. Bd5 Bxd5 17. exd5 f5 18. h3 Qh4 19. Kg2 Ba5 20. Qf3 Raf7 21. Qg3 Qxg3+ 22. Kxg3 fxg4 23. hxg4 Rf3+ 24. Kg2 Bb4 25. Rb1 a5 26. c3 dxc3 27. Be3 cxb2 28. Rxb2 R3f7 29. f4 Re7 30. Kf3 Rfe8 31. Re2 Bd2 32. Rxd2 Rxe3+ 33. Kf2 Rh3 34. Kg2 Ree3 35. Rff2 Reg3+ 36. Kf1 Rxd3 37. Rde2 Rxd5 38. f5 Rh1+ 39. Kg2 Rdd1 40. Re8+ Kf7 41. Rc8 Rdg1+ 42. Kf3 Rh3+ 43. Ke2 Ra1 44. Rc7+ Kf6 45. Rd7 Ra2+ 46. Kf1 Rh1+ 47. Kg2 Rh2+ 48. Kxh2 Rxf2+ 49. Kg3 Ra2 50. Rxd6+ Ke5 51. Re6+ Kd5 52. Re7 Rxa4 53. Rxg7 h5 54. gxh5 Ke5 55. h6 Ra3+ 56. Kg4 Ra1 57. h7 Rg1+ 58. Kh5 Kxf5 59. Rf7+ Ke6 60. h8=Q Rh1+ 61. Kg6 Rxh8 62. Rc7 Kd5 63. Ra7 Kc4 64. Rxa5 Rd8 65. Kf5 Kb4 66. Ra1 c4 67. Ke4 c3 68. Rc1 Kb3 69. Ke3 c2 70. Rg1 Rd1 71. Rg2 c1=Q+ 0-1


[Site "https://www.chess.com"]

[Event "Titled Tuesday Blitz May 16 Late 2023"]
[White "Shapiro, Daniel"]
[Black "Adla, Diego"]
[WhiteFideId "2001780"]
[BlackFideId "100072"]
[WhiteElo "2372"]
[BlackElo "2377"]
[Result "0-1"]
[Round "05"]
[TimeControl "180+2"]
[Date "2023.05.16"]
[WhiteClock "0:00:04"]
[BlackClock "0:00:20"]

1. d4 Nf6 2. c4 e6 3. g3 c5 4. d5 exd5 5. cxd5 d6 6. Nf3 g6 7. Nc3 Bg7 8. Nd2 Nbd7 9. Nc4 Nb6 10. Ne3 O-O 11. Bg2 Re8 12. h3 a6 13. a4 Bd7 14. Qb3 Rb8 15. O-O Nc8 16. a5 b5 17. axb6 Nxb6 18. Rxa6 Nbxd5 19. Qd1 Bc8 20. Ra3 Nxe3 21. Bxe3 Rxb2 22. Bf4 d5 23. Nxd5 Nxd5 24. Bxd5 Rbxe2 25. Ra7 R2e7 26. Rxe7 Qxe7 27. Bd6 Qf6 28. Bxc5 Bxh3 29. Re1 Rxe1+ 30. Qxe1 Qa1 31. Qxa1 Bxa1 32. Be3 Bd7 33. Kg2 Kg7 34. Kf3 h5 35. Bg5 Bd4 36. Be4 Bg4+ 37. Kg2 f6 38. Bf4 Be6 39. Bd6 Bf7 40. Be7 Be5 41. Bc5 Be8 42. Be3 Kf7 43. Bc5 Ke6 44. Be3 Bd6 45. Bd4 Be5 46. Be3 Bb5 47. Bf3 Bc4 48. Be4 Kf7 49. Bf3 Be6 50. Be4 g5 51. Bc6 Kg6 52. Be4+ f5 53. Bc6 f4 54. Bd2 Bf5 55. Bd5 Bd3 56. Bc6 Kf5 57. Bd7+ Kg6 58. Bc6 Bc2 59. Bd5 Bd6 60. Bc6 Bf5 61. Be8+ Kh6 62. Bc6 h4 63. gxf4 Bxf4 64. Bxf4 gxf4 65. Bf3 Kg5 66. Kh2 Kf6 67. Bc6 Ke5 68. Be8 Kd4 69. Bh5 Kd3 70. Kg2 Kd2 71. Kf1 Be4 72. f3 Bf5 73. Kf2 Kd3 74. Be8 Kd4 75. Bc6 Ke5 76. Be8 Be6 77. Bh5 Kf6 78. Be8 Bd5 79. Bb5 Kg5 80. Bd3 h3 81. Be2 Kh4 82. Bd1 Bc4 83. Bc2 Be6 84. Bd1 Bf7 85. Be2 Bh5 86. Bd1 Kg5 87. Be2 Kf6 88. Bd1 Ke5 89. Be2 Kd4 90. Bd1 Kc3 91. Be2 Be8 92. Bb5 Bxb5 93. Kg1 Bd7 94. Kh2 Kd2 95. Kg1 Ke3 0-1


[Site "https://www.chess.com"]

[Event "Titled Tuesday Blitz May 16 Late 2023"]
[White "Aggelis, Nikolaos"]
[Black "mohsengabr2002"]
[WhiteFideId "4213220"]
[WhiteElo "2189"]
[BlackElo "2365"]
[Result "1-0"]
[Round "05"]
[TimeControl "180+2"]
[Date "2023.05.16"]
[WhiteClock "0:00:19"]
[BlackClock "0:00:06"]

1. f4 d5 2. Nc3 c5 3. e4 d4 4. Nce2 g6 5. d3 Bg7 6. Nf3 Nf6 7. Ne5 O-O 8. Ng1 Ne8 9. Be2 f6 10. Nef3 Nc6 11. c4 a6 12. Bd2 b5 13. Qc2 b4 14. Nh3 Bxh3 15. gxh3 Qd7 16. O-O-O a5 17. Rdg1 a4 18. Qd1 Qxh3 19. Rg3 Qd7 20. h4 e5 21. h5 exf4 22. Bxf4 g5 23. h6 gxf4 24. hxg7 fxg3 25. gxf8=Q+ Kxf8 26. Nh4 Ng7 27. Qe1 Qd6 28. Ng2 b3 29. a3 Qe5 30. Rxh7 Qg5+ 31. Qd2 Qxd2+ 32. Kxd2 Kf7 33. Rh3 Ne5 34. Rxg3 Rh8 35. Nf4 Rh1 36. Bd1 Rh2+ 37. Rg2 Rh4 38. Rf2 Ne6 39. Nd5 Nd7 40. Rg2 Rh3 41. Bg4 Rh4 42. Bf5 Ng7 43. Bg6+ Ke6 44. Rf2 Rh1 45. Bf5+ Nxf5 46. exf5+ Kd6 47. Re2 Ne5 48. Nxf6 Rh2 49. Ne4+ Kc6 50. Rxh2 Nf3+ 51. Ke2 Nxh2 52. Nf2 Kd6 53. Ne4+ Ke5 54. Nxc5 Ng4 55. Nxa4 Ne3 56. Nc5 Nxf5 57. Nxb3 Nd6 58. Kd2 Nf5 59. Nc1 Kd6 60. Ne2 Kc5 61. b4+ Kb6 62. Kc2 Ka6 63. Kb3 Kb6 64. c5+ Kb5 65. a4+ Kc6 66. Kc4 Ne3+ 67. Kxd4 Nc2+ 68. Kc4 Na3+ 69. Kb3 Nb1 70. d4 Kd5 71. Nc3+ Kxd4 72. Nxb1 1-0


[Site "https://www.chess.com"]

[Event "Titled Tuesday Blitz May 16 Late 2023"]
[White "cristianserban1"]
[Black "Hoffmann, Asa"]
[BlackFideId "2001470"]
[WhiteElo "2518"]
[BlackElo "2117"]
[Result "1-0"]
[Round "05"]
[TimeControl "180+2"]
[Date "2023.05.16"]
[WhiteClock "0:00:04"]
[BlackClock "0:00:00"]

1. d4 Nf6 2. Bf4 d6 3. Nf3 Bg4 4. c4 Nbd7 5. Qb3 b6 6. Nbd2 g6 7. h3 Bxf3 8. Nxf3 Bg7 9. e3 O-O 10. Bd3 e5 11. dxe5 Nc5 12. Qc2 dxe5 13. Nxe5 Nh5 14. Rd1 Nxf4 15. exf4 Qe7 16. O-O Rfe8 17. Rfe1 Qh4 18. Qc1 Bh6 19. Ng4 Bg7 20. Bf1 h5 21. g3 Rxe1 22. gxh4 Rxd1 23. Qxd1 hxg4 24. hxg4 Re8 25. b4 Ne6 26. f5 Nd4 27. fxg6 fxg6 28. Qd3 Kf7 29. h5 gxh5 30. gxh5 Re6 31. Bh3 Rh6 32. Bg4 c5 33. bxc5 bxc5 34. Qa3 Rc6 35. Qxa7+ Kf6 36. a4 Bh6 37. Qh7 Kg5 38. Qg8+ Kf4 39. f3 Bg5 40. Kg2 Rb6 41. Qf7+ Ke3 42. Qe8+ Kd2 43. a5 Rb2 44. a6 Bf4 45. Bd7 Kc3+ 46. Kh3 Rh2+ 47. Kg4 Bd6 48. Qe3+ Kxc4 49. Be6+ Nxe6 50. Qxe6+ Kc3 51. Qxd6 c4 52. Qxh2 1-0


[Site "https://www.chess.com"]

[Event "Titled Tuesday Blitz May 16 Late 2023"]
[White "Ilkhomi, Jaloliddin"]
[Black "Gerbelli Neto, Eduardo"]
[WhiteFideId "14700948"]
[BlackFideId "2103281"]
[WhiteElo "2045"]
[BlackElo "2178"]
[Result "1-0"]
[Round "05"]
[TimeControl "180+2"]
[Date "2023.05.16"]
[WhiteClock "0:01:56"]
[BlackClock "0:00:08"]

1. Nf3 Nf6 2. d4 d5 3. Bf4 Bf5 4. e3 e6 5. Bd3 Bg6 6. Ne5 Nbd7 7. Nxg6 hxg6 8. Nd2 Bd6 9. c3 Bxf4 10. exf4 c5 11. Nf3 cxd4 12. Nxd4 a6 13. g3 Nc5 14. Qe2 O-O 15. h4 Re8 16. O-O-O b5 17. Bc2 Rc8 18. h5 Nxh5 19. Rxh5 gxh5 20. Qxh5 Ne4 21. Rh1 Kf8 22. Qh8+ Ke7 23. Qxg7 b4 24. Qe5 Qc7 25. Bxe4 Qxe5 26. fxe5 dxe4 27. Kd2 bxc3+ 28. bxc3 Rb8 29. Nc6+ Kd7 30. Nxb8+ Rxb8 31. Kc2 Rb5 32. Rh7 Ke7 33. Rh5 Rd5 34. c4 Rd3 35. Rh4 Rf3 36. Rf4 Ra3 37. Kb2 Rd3 38. Kc2 Ra3 39. Kb2 Rd3 40. Rxe4 Rd2+ 41. Kb3 Rxf2 42. c5 Rf3+ 43. Kb4 Rxg3 44. a4 Rg1 45. c6 Rc1 46. Rc4 Rxc4+ 47. Kxc4 Kd8 48. Kc5 Kc7 49. a5 Kc8 50. Kd6 Kd8 51. c7+ Kc8 52. Ke7 Kxc7 53. Kf6 Kd7 54. Kxf7 Kc6 55. Kxe6 Kc7 56. Kf7 Kd7 57. e6+ 1-0


[Site "https://www.chess.com"]

[Event "Titled Tuesday Blitz May 16 Late 2023"]
[White "Prieto Aranguren, Alain"]
[Black "Ismayil, Malak"]
[WhiteFideId "2268906"]
[BlackFideId "13412604"]
[WhiteElo "2209"]
[BlackElo "1868"]
[Result "1-0"]
[Round "05"]
[TimeControl "180+2"]
[Date "2023.05.16"]
[WhiteClock "0:00:47"]
[BlackClock "0:01:37"]

1. e4 e5 2. Nf3 Nc6 3. Bb5 a6 4. Bxc6 dxc6 5. d4 exd4 6. Qxd4 Qxd4 7. Nxd4 Nf6 8. f3 Bd7 9. Nb3 O-O-O 10. Be3 Bd6 11. Nc3 Rhe8 12. O-O-O Be6 13. Nc5 Nd7 14. Nxe6 Rxe6 15. Ne2 Ne5 16. Nf4 Ree8 17. Nd3 Nc4 18. Bf4 Bxf4+ 19. Nxf4 g5 20. Nh5 Ne3 21. Rdg1 f5 22. Nf6 Re7 23. exf5 Nxf5 24. Ne4 h6 25. Rd1 Rde8 26. Rhe1 Nh4 27. Rd2 Ng6 28. Rde2 Kb8 29. Ng3 Rxe2 30. Rxe2 Rxe2 31. Nxe2 Kc8 32. g3 Kd7 33. Kd2 Ke6 34. Ke3 c5 35. f4 gxf4+ 36. Nxf4+ Nxf4 37. Kxf4 Kf6 38. g4 b5 39. h4 c4 40. Ke4 c6 41. Kd4 1-0


[Site "https://www.chess.com"]

[Event "Titled Tuesday Blitz May 16 Late 2023"]
[White "Kostiukov, Alexandr"]
[Black "Ollier, Pablo"]
[WhiteFideId "14108100"]
[BlackFideId "652318"]
[WhiteElo "2202"]
[BlackElo "2498"]
[Result "0-1"]
[Round "05"]
[TimeControl "180+2"]
[Date "2023.05.16"]
[WhiteClock "0:00:00"]
[BlackClock "0:00:47"]

1. g3 d5 2. Bg2 Nf6 3. d3 c5 4. e4 dxe4 5. dxe4 Qxd1+ 6. Kxd1 Nc6 7. f3 Bd7 8. Be3 O-O-O 9. Nd2 e6 10. Nh3 Rg8 11. c3 h6 12. Nf2 g5 13. Kc2 Ne5 14. h4 g4 15. f4 Nf3 16. Bxf3 gxf3 17. Rhg1 h5 18. Nxf3 Bc6 19. Ng5 Rg7 20. c4 Be7 21. e5 Nh7 22. Rad1 Rdg8 23. Kc3 b6 24. b3 Nf8 25. a3 f6 26. Nge4 fxe5 27. fxe5 Bxh4 28. Nd6+ Kb8 0-1


[Site "https://www.chess.com"]

[Event "Titled Tuesday Blitz May 16 Late 2023"]
[White "Onslow, Alfie"]
[Black "Ljukin, Sergei"]
[WhiteFideId "436976"]
[BlackFideId "14102200"]
[WhiteElo "2114"]
[BlackElo "2312"]
[Result "0-1"]
[Round "05"]
[TimeControl "180+2"]
[Date "2023.05.16"]
[WhiteClock "0:00:04"]
[BlackClock "0:00:13"]

1. e4 e6 2. d4 d5 3. e5 c5 4. c3 Nc6 5. Nf3 Qb6 6. Bd3 cxd4 7. O-O Bd7 8. Re1 a6 9. h4 Nge7 10. Qe2 f6 11. exf6 gxf6 12. Nxd4 Nxd4 13. Qh5+ Kd8 14. cxd4 Qxd4 15. Bc2 Rc8 16. Nc3 Rg8 17. Qxh7 Qg4 18. g3 d4 19. Bd1 Qg6 20. Qxg6 Nxg6 21. Ne4 Ke7 22. Kh2 Kf7 23. Bh5 Kg7 24. Bd2 Ne5 25. Rac1 Be7 26. Be2 Bc6 27. Nc5 Bd5 28. Bb4 d3 29. Nxe6+ Bxe6 30. Rxc8 Rxc8 31. Bxe7 dxe2 32. Rxe2 Bd5 33. f4 Ng4+ 34. Kh3 f5 35. Bg5 Rc1 36. Re7+ Kf8 37. h5 Rh1# 0-1


[Site "https://www.chess.com"]

[Event "Titled Tuesday Blitz May 16 Late 2023"]
[White "Jimenez Almeida, Luis David"]
[Black "Georg, Heinz"]
[WhiteFideId "22242244"]
[BlackFideId "4607295"]
[WhiteElo "2245"]
[BlackElo "2304"]
[Result "0-1"]
[Round "05"]
[TimeControl "180+2"]
[Date "2023.05.16"]
[WhiteClock "0:00:00"]
[BlackClock "0:00:06"]

1. e4 c5 2. Nc3 Nc6 3. Nge2 g6 4. g3 Bg7 5. Bg2 Rb8 6. d3 b5 7. Be3 d6 8. Qd2 e6 9. O-O Nge7 10. d4 cxd4 11. Nxd4 b4 12. Nce2 Ba6 13. Rfe1 O-O 14. Rad1 Ne5 15. b3 d5 16. Bh6 dxe4 17. Bxg7 Kxg7 18. Qf4 Qa5 19. Bxe4 Bb7 20. Bxb7 Rxb7 21. h4 N5c6 22. Nxc6 Nxc6 23. Rd6 Ne7 24. h5 Qxh5 25. Nd4 Nd5 26. Qe4 Rb6 27. Rxb6 Nxb6 28. Nc6 Nd5 29. Nxa7 Ra8 30. Kg2 Qf5 31. Qd4+ Qf6 32. Qc5 Qd8 33. Nc6 Qb6 34. Qd6 Rc8 35. Qe5+ f6 36. Qxe6 Qxc6 37. Qe4 Nc3 0-1


[Site "https://www.chess.com"]

[Event "Titled Tuesday Blitz May 16 Late 2023"]
[White "Magallanes, Rey Jomar"]
[Black "Petrovic, Aleksa"]
[WhiteFideId "5205948"]
[BlackFideId "967629"]
[WhiteElo "2262"]
[BlackElo "2309"]
[Result "0-1"]
[Round "05"]
[TimeControl "180+2"]
[Date "2023.05.16"]
[WhiteClock "0:00:25"]
[BlackClock "0:00:08"]

1. e4 d5 2. exd5 Qxd5 3. Nf3 Nf6 4. d4 g6 5. c4 Qd8 6. Nc3 Bg7 7. Be2 O-O 8. O-O b6 9. Bf4 Bb7 10. h3 Na6 11. a3 c5 12. d5 Nc7 13. d6 exd6 14. Bxd6 Re8 15. Nh2 Nfd5 16. cxd5 Qxd6 17. Bf3 Bxc3 18. bxc3 Ba6 19. Re1 Rxe1+ 20. Qxe1 Re8 21. Qd2 Bc4 22. Rd1 Bb3 23. Rc1 Bc4 24. Rd1 h5 25. Nf1 Bxf1 26. Kxf1 Qh2 27. g3 Qxh3+ 28. Bg2 Qd7 29. d6 Ne6 30. Qd5 Rd8 31. Bh3 Re8 32. Re1 Kg7 33. Bg2 Rd8 34. Qe5+ Kg8 35. Rd1 Ng7 36. c4 Ne8 37. Kg1 Nxd6 38. Bh3 Qxh3 39. Rxd6 Rxd6 40. Qxd6 Qe6 41. Qd8+ Kg7 42. Qh4 Qe1+ 43. Kg2 Qc3 44. Qe4 Qd4 45. Qe2 Kf6 46. Qf3+ Ke7 47. Qb7+ Qd7 48. Qe4+ Kd6 49. Qd5+ Kc7 50. Qe5+ Qd6 51. Qg7 Qc6+ 52. Kg1 Qe6 53. Qc3 f6 54. a4 Qe5 55. Qd3 f5 56. Qd2 Qd4 57. Qg5 Qd1+ 58. Kg2 Qd6 59. Qh6 Kb7 60. Qg7+ Ka6 61. Qc3 Qd4 62. Qb3 Qd7 63. Qc3 Qxa4 64. f3 Qc6 65. Kh3 Kb7 66. g4 fxg4+ 67. fxg4 Qh1+ 68. Kg3 Qg1+ 69. Kf4 Qxg4+ 70. Ke5 Qf5+ 71. Kd6 Qf8+ 72. Ke5 Qg7+ 73. Kd6 Qxc3 74. Ke7 Qxc4 75. Kf8 a5 76. Kg7 a4 77. Kh8 a3 78. Kh7 a2 79. Kh8 a1=B+ 80. Kh7 Qf7+ 81. Kh6 Bg7+ 82. Kg5 Qf6# 0-1


[Site "https://www.chess.com"]

[Event "Titled Tuesday Blitz May 16 Late 2023"]
[White "Rodriguez Polo, Mateo"]
[Black "KorolDimitriy75"]
[WhiteFideId "24509396"]
[WhiteElo "2117"]
[BlackElo "2462"]
[Result "1-0"]
[Round "05"]
[TimeControl "180+2"]
[Date "2023.05.16"]
[WhiteClock "0:00:08"]
[BlackClock "0:00:00"]

1. Nf3 c5 2. c4 g6 3. e4 Bg7 4. d4 cxd4 5. Nxd4 Nc6 6. Be3 Nf6 7. Nc3 O-O 8. Be2 d6 9. O-O Bd7 10. Qd2 Nxd4 11. Bxd4 Bc6 12. f3 a5 13. b3 Nd7 14. Be3 Nc5 15. Rab1 Qb6 16. Rfc1 Rfc8 17. Bf1 Qb4 18. Rc2 a4 19. a3 Qxa3 20. b4 Nb3 21. Qe1 Qxb4 22. Kh1 Qa5 23. Bd3 Nc5 24. Be2 Nb3 25. Bd3 Bf6 26. g3 h5 27. Kg2 Kg7 28. Nd5 Qxe1 29. Rxe1 Bxd5 30. exd5 a3 31. Ra2 Bb2 32. Re2 f6 33. h4 Kf7 34. Kh3 Na5 35. Rc2 Nb3 36. g4 hxg4+ 37. fxg4 Nc5 38. Be2 Rh8 39. Kg3 Nd7 40. Bd3 Ne5 41. Be2 Rhc8 42. Bf4 Rh8 43. h5 gxh5 44. gxh5 Rag8+ 45. Kf2 Ng4+ 46. Bxg4 Rxg4 47. Kf3 Rh4 48. h6 Rh3+ 49. Kg4 Rb3 50. Rg2 Rb4 51. Kf5 Rh7 52. Rg7+ Rxg7 53. hxg7 Kxg7 54. c5 dxc5 55. d6 exd6 56. Bxd6 Rc4 57. Ke6 Kg6 58. Kd5 Rc1 59. Bxc5 f5 60. Bb4 Rd1+ 61. Kc4 Rf1 62. Bxa3 Bxa3 63. Rxa3 Kg5 64. Rb3 1-0


[Site "https://www.chess.com"]

[Event "Titled Tuesday Blitz May 16 Late 2023"]
[White "Curtis, John"]
[Black "Papayan, Oleg"]
[WhiteFideId "3200256"]
[BlackFideId "4193911"]
[WhiteElo "2203"]
[BlackElo "2171"]
[Result "0-1"]
[Round "05"]
[TimeControl "180+2"]
[Date "2023.05.16"]
[WhiteClock "0:00:00"]
[BlackClock "0:00:20"]

1. e4 e5 2. Nf3 Nc6 3. Bb5 Nf6 4. d3 Bc5 5. c3 O-O 6. O-O d6 7. a4 a5 8. Bg5 Bg4 9. Nbd2 Ne7 10. Bxf6 gxf6 11. h3 Be6 12. d4 Ba7 13. Bc4 Ng6 14. Qb3 Qc8 15. Bxe6 fxe6 16. Nc4 Nf4 17. Rad1 Kh8 18. Kh2 Rg8 19. g3 Ng6 20. dxe5 fxe5 21. Nxa5 Rf8 22. Ng5 Bxf2 0-1


[Site "https://www.chess.com"]